| TOP OF THE 1ST |
|
Oklahoma City 89ers batting - Pitching for Iowa Oaks : RHP Dwight Gooden
|
|
Pitching: RHP Dwight Gooden
|
|
|
Batting: RHB David Green
|
0-0: Ball 1-0: Ball 2-0: Swinging Strike 2-1: Fly out, F3 (Popup, 3SF, EV 72.5 MPH)
|
|
Batting: RHB Tim Tolman
|
0-0: Fly out, F8 (Flyball, 8RS, EV 91.9 MPH)
|
|
Batting: LHB Tom O'Malley
|
0-0: Swinging Strike 0-1: Foul Ball, location: 2F 0-2: Ball 1-2: Ball 2-2: Foul Ball, location: 2F 2-2: SINGLE (Groundball, P, EV 89.4 MPH) (infield hit)
|
|
Batting: RHB Glenn Braggs
|
0-0: Called Strike 0-1: Ball 1-1: Foul Ball, location: 2F 1-2: Ball 2-2: Ball 3-2: Ground out 4-3 (Groundball, 4M, EV 87.5 MPH)
|
| Top of the 1st over - 0 runs, 1 hit, 0 errors, 1 left on base; Oklahoma City 0 - Iowa 0 |
| BOTTOM OF THE 1ST |
|
Iowa Oaks batting - Pitching for Oklahoma City 89ers : RHP Chris Whitt
|
|
Pitching: RHP Chris Whitt
|
|
|
Batting: LHB Gary Jones
|
0-0: Swinging Strike 0-1: Foul Ball, location: 2F 0-2: Ball 1-2: Ball 2-2: Foul Ball, location: 2F 2-2: Strikes out swinging, 2-3 out at first.
|
|
Batting: SHB Rod Craig
|
0-0: Called Strike 0-1: Ball 1-1: Foul Ball, location: 2F 1-2: Foul Ball, location: 2F 1-2: Ball 2-2: Strikes out swinging
|
|
Batting: LHB Ronald Little
|
0-0: Ground out 4-3 (Groundball, 34D, EV 102.5 MPH)
|
| Bottom of the 1st over - 0 runs, 0 hits, 0 errors, 0 left on base; Oklahoma City 0 - Iowa 0 |
| TOP OF THE 2ND |
|
Oklahoma City 89ers batting - Pitching for Iowa Oaks : RHP Dwight Gooden
|
|
Batting: RHB Cecil Fielder
|
0-0: Ball 1-0: Ball 2-0: Ball 3-0: Base on Balls
|
|
Batting: RHB Nick Esasky
|
0-0: Ball 1-0: Fly out, F8 (Flyball, 8RM, EV 88.1 MPH)
|
|
Batting: LHB Jorge Oquendo
|
0-0: Ball 1-0: Foul Ball, location: 2F 1-1: Ball 2-1: Swinging Strike 2-2: Ball 3-2: Fly out, F7 (Line Drive, 7S, EV 93.8 MPH)
|
|
Batting: RHB Joe Redfield
|
0-0: Ball 1-0: SINGLE (Groundball, P, EV 90.0 MPH) (infield hit) Cecil Fielder to second
|
|
Batting: RHB Robert Bailey
|
0-0: Called Strike 0-1: Ball 1-1: Fly out, F8 (Flyball, 8RD, EV 94.4 MPH)
|
| Top of the 2nd over - 0 runs, 1 hit, 0 errors, 2 left on base; Oklahoma City 0 - Iowa 0 |
| BOTTOM OF THE 2ND |
|
Iowa Oaks batting - Pitching for Oklahoma City 89ers : RHP Chris Whitt
|
|
Batting: SHB Mike Turgeon
|
0-0: Foul Ball, location: 2F 0-1: Ball 1-1: Ball 2-1: Ball 3-1: Ground out 4-3 (Groundball, 34D, EV 106.9 MPH)
|
|
Batting: RHB Edgar Flores
|
0-0: Ball 1-0: Fly out, F8 (Flyball, 8RM, EV 88.8 MPH)
|
|
Batting: RHB Jordan Arredondo
|
0-0: Called Strike 0-1: Foul Ball, location: 2F 0-2: Fly out, F7 (Line Drive, 7D, EV 90.0 MPH)
|
| Bottom of the 2nd over - 0 runs, 0 hits, 0 errors, 0 left on base; Oklahoma City 0 - Iowa 0 |
| TOP OF THE 3RD |
|
Oklahoma City 89ers batting - Pitching for Iowa Oaks : RHP Dwight Gooden
|
|
Batting: RHB David Green
|
0-0: Called Strike 0-1: Foul Ball, location: 2F 0-2: Strikes out looking
|
|
Batting: RHB Tim Tolman
|
0-0: Ball 1-0: Foul Ball, location: 2F 1-1: Ball 2-1: Swinging Strike 2-2: Ball 3-2: Foul Ball, location: 2F 3-2: Base on Balls
|
|
Batting: LHB Tom O'Malley
|
0-0: Foul Ball, location: 2F 0-1: Ball 1-1: Ball 2-1: Ball 3-1: Base on Balls Tim Tolman to second
|
|
Pinch Hitting: RHB Danny Jasso
|
0-0: Ball 1-0: Ball 2-0: Ball 3-0: Base on Balls Tim Tolman to third Tom O'Malley to second
|
|
Batting: RHB Cecil Fielder
|
0-0: DOUBLE (Line Drive, 7LS, EV 91.9 MPH) Tim Tolman scores Tom O'Malley scores Danny Jasso to third Runner from 3rd tries for Home, SAFE, throw by LF to home
|
|
Batting: RHB Nick Esasky
|
0-0: Called Strike 0-1: Ball 1-1: Called Strike 1-2: Foul Ball, location: 2F 1-2: Strikes out swinging
|
|
Batting: LHB Jorge Oquendo
|
0-0: Called Strike 0-1: Ball 1-1: Ball 2-1: Called Strike 2-2: Ball 3-2: DOUBLE (Line Drive, 89D, EV 106.9 MPH) Cecil Fielder scores
|
|
Batting: RHB Joe Redfield
|
0-0: Swinging Strike 0-1: Ground out 6-3 (Groundball, 6, EV 87.5 MPH)
|
| Top of the 3rd over - 4 runs, 2 hits, 0 errors, 1 left on base; Oklahoma City 4 - Iowa 0 |
| BOTTOM OF THE 3RD |
|
Iowa Oaks batting - Pitching for Oklahoma City 89ers : RHP Chris Whitt
|
|
Now in LF: John Harris
|
|
|
Batting: LHB Bob Hamilton
|
0-0: Swinging Strike 0-1: Fly out, F7 (Flyball, 7LD, EV 90.0 MPH)
|
|
Batting: LHB Wayne Krenchicki
|
0-0: Fly out, F2 (Popup, 2LF, EV 93.1 MPH)
|
|
Batting: RHB Thomas Vessey
|
0-0: Foul Ball, location: 2F 0-1: Foul Ball, location: 2F 0-2: Ball 1-2: Strikes out swinging
|
| Bottom of the 3rd over - 0 runs, 0 hits, 0 errors, 0 left on base; Oklahoma City 4 - Iowa 0 |
| TOP OF THE 4TH |
|
Oklahoma City 89ers batting - Pitching for Iowa Oaks : RHP Dwight Gooden
|
|
Batting: RHB Robert Bailey
|
0-0: Ground out 6-3 (Groundball, 6, EV 82.5 MPH)
|
|
Batting: RHB David Green
|
0-0: Ball 1-0: Called Strike 1-1: Ball 2-1: Ground out 4-3 (Groundball, 4, EV 106.9 MPH)
|
|
Batting: RHB Tim Tolman
|
0-0: Foul Ball, location: 2F 0-1: Foul Ball, location: 2F 0-2: Fly out, F8 (Flyball, 8LM, EV 95.6 MPH)
|
| Top of the 4th over - 0 runs, 0 hits, 0 errors, 0 left on base; Oklahoma City 4 - Iowa 0 |
| BOTTOM OF THE 4TH |
|
Iowa Oaks batting - Pitching for Oklahoma City 89ers : RHP Chris Whitt
|
|
Batting: LHB Gary Jones
|
0-0: Ball 1-0: Ball 2-0: Called Strike 2-1: Ground out 4-3 (Groundball, 4D, EV 88.8 MPH)
|
|
Batting: SHB Rod Craig
|
0-0: Ball 1-0: Ball 2-0: Ball 3-0: Base on Balls
|
|
Batting: LHB Ronald Little
|
0-0: Ball 1-0: Ball 2-0: Ball 3-0: Called Strike 3-1: Foul Ball, location: 2F 3-2: Fly out, F2 (Popup, 2R, EV 89.4 MPH)
|
|
Batting: SHB Mike Turgeon
|
0-0: Called Strike Rod Craig steals 2nd base 0-1: Fly out, F7 (Flyball, 7LS, EV 83.8 MPH)
|
| Bottom of the 4th over - 0 runs, 0 hits, 0 errors, 1 left on base; Oklahoma City 4 - Iowa 0 |
| TOP OF THE 5TH |
|
Oklahoma City 89ers batting - Pitching for Iowa Oaks : RHP Dwight Gooden
|
|
Batting: LHB Tom O'Malley
|
0-0: Ball 1-0: Ball 2-0: Called Strike 2-1: Ball 3-1: Called Strike 3-2: Foul Ball, location: 2F 3-2: Fly out, F7 (Flyball, 7, EV 82.5 MPH)
|
|
Batting: LHB John Harris
|
0-0: Ground out 6-3 (Groundball, 6, EV 92.5 MPH)
|
|
Batting: RHB Cecil Fielder
|
0-0: Called Strike 0-1: Called Strike 0-2: Ball 1-2: Strikes out swinging
|
| Top of the 5th over - 0 runs, 0 hits, 0 errors, 0 left on base; Oklahoma City 4 - Iowa 0 |
| BOTTOM OF THE 5TH |
|
Iowa Oaks batting - Pitching for Oklahoma City 89ers : RHP Chris Whitt
|
|
Batting: RHB Edgar Flores
|
0-0: Called Strike 0-1: Swinging Strike 0-2: Ball 1-2: Fly out, F8 (Flyball, 8RXD, EV 105.6 MPH)
|
|
Batting: RHB Jordan Arredondo
|
0-0: Called Strike 0-1: Ground out 5-3 (Groundball, 56S, EV 71.9 MPH)
|
|
Batting: LHB Bob Hamilton
|
0-0: Reached on error, E3 (Groundball, 3, EV 98.1 MPH)
|
|
Batting: LHB Wayne Krenchicki
|
0-0: Called Strike 0-1: Foul Ball, location: 2F 0-2: Ball 1-2: Ground out 4-3 (Groundball, 4, EV 85.0 MPH)
|
| Bottom of the 5th over - 0 runs, 0 hits, 1 error, 1 left on base; Oklahoma City 4 - Iowa 0 |
| TOP OF THE 6TH |
|
Oklahoma City 89ers batting - Pitching for Iowa Oaks : RHP Dwight Gooden
|
|
Batting: RHB Nick Esasky
|
0-0: Ball 1-0: Ball 2-0: SINGLE (Line Drive, 4MD, EV 102.5 MPH)
|
|
Batting: LHB Jorge Oquendo
|
0-0: Foul Ball, location: 2F 0-1: Swinging Strike 0-2: Foul Ball, location: 2F 0-2: Ball 1-2: Strikes out swinging
|
|
Batting: RHB Joe Redfield
|
0-0: Ball 1-0: Foul Ball, location: 2F 1-1: Foul Ball, location: 2F 1-2: Strikes out swinging
|
|
Batting: RHB Robert Bailey
|
0-0: Foul Ball, location: 2F 0-1: Called Strike 0-2: Strikes out looking
|
| Top of the 6th over - 0 runs, 1 hit, 0 errors, 1 left on base; Oklahoma City 4 - Iowa 0 |
| BOTTOM OF THE 6TH |
|
Iowa Oaks batting - Pitching for Oklahoma City 89ers : RHP Chris Whitt
|
|
Batting: RHB Thomas Vessey
|
0-0: Called Strike 0-1: Fly out, F8 (Line Drive, 8RM, EV 88.1 MPH)
|
|
Batting: LHB Gary Jones
|
0-0: Called Strike 0-1: SINGLE (Groundball, 4MD, EV 103.8 MPH) (infield hit)
|
|
Batting: SHB Rod Craig
|
0-0: Called Strike 0-1: Foul Ball, location: 2F 0-2: Ball 1-2: Ball 2-2: Foul Ball, location: 2F 2-2: SINGLE (Groundball, 6MS, EV 71.3 MPH) (infield hit) Gary Jones to second
|
|
Batting: LHB Ronald Little
|
0-0: Called Strike 0-1: Ball 1-1: Ball 2-1: Ball 3-1: Fielders Choice at 2nd, 6-4 (Groundball, 6M, EV 92.5 MPH) Gary Jones to third
|
|
Batting: SHB Mike Turgeon
|
0-0: Foul Ball, location: 2F 0-1: Called Strike 0-2: Ball 1-2: Reached on error, E8 (Flyball, 8LD, EV 105.6 MPH) Gary Jones scores Ronald Little to third
|
|
Batting: RHB Edgar Flores
|
0-0: Foul Ball, location: 2F 0-1: Ball 1-1: Ground out 5-3 (Groundball, 5, EV 82.5 MPH)
|
| Bottom of the 6th over - 1 run, 2 hits, 1 error, 2 left on base; Oklahoma City 4 - Iowa 1 |
| TOP OF THE 7TH |
|
Oklahoma City 89ers batting - Pitching for Iowa Oaks : RHP Dwight Gooden
|
|
Batting: RHB David Green
|
0-0: Called Strike 0-1: SINGLE (Line Drive, 6MD, EV 108.8 MPH)
|
|
Batting: RHB Tim Tolman
|
0-0: Ball 1-0: Called Strike 1-1: Foul Ball, location: 2F 1-2: Ball 2-2: Ball 3-2: Strikes out swinging
|
|
Batting: LHB Tom O'Malley
|
0-0: Called Strike David Green is caught stealing 2nd base 2-6 0-1: Ball 1-1: Swinging Strike 1-2: Ground out 2-3 (Groundball, 15S, EV 65.6 MPH)
|
| Top of the 7th over - 0 runs, 1 hit, 0 errors, 0 left on base; Oklahoma City 4 - Iowa 1 |
| BOTTOM OF THE 7TH |
|
Iowa Oaks batting - Pitching for Oklahoma City 89ers : RHP Chris Whitt
|
|
Batting: RHB Jordan Arredondo
|
0-0: Ball 1-0: Foul Ball, location: 2F 1-1: Ball 2-1: Ball 3-1: Foul Ball, location: 2F 3-2: Fly out, F5 (Popup, 5S, EV 83.8 MPH)
|
|
Batting: LHB Bob Hamilton
|
0-0: Foul Ball, location: 2F 0-1: Ball 1-1: Swinging Strike 1-2: Ball 2-2: Foul Ball, location: 2F 2-2: Foul Ball, location: 2F 2-2: DOUBLE (Line Drive, 9LM, EV 105.6 MPH)
|
|
Batting: LHB Wayne Krenchicki
|
0-0: Foul Ball, location: 2F 0-1: Ball 1-1: Foul Ball, location: 2F 1-2: Ball 2-2: Foul Ball, location: 2F 2-2: Fly out, F7 (Flyball, 7, EV 86.3 MPH)
|
|
Batting: RHB Thomas Vessey
|
0-0: SINGLE (Line Drive, 7S, EV 96.3 MPH) Bob Hamilton to third Runner from 3rd tries for Home, SAFE, throw by LF to home
|
|
Batting: LHB Gary Jones
|
0-0: Foul Ball, location: 2F 0-1: Ball 1-1: Foul Ball, location: 2F 1-2: Ball 2-2: Ball 3-2: Foul Ball, location: 2F 3-2: Foul Ball, location: 2F 3-2: SINGLE (Line Drive, 89S, EV 98.1 MPH) Thomas Vessey to second Thomas Vessey to third
|
|
Batting: SHB Rod Craig
|
0-0: Ball 1-0: Swinging Strike 1-1: Ball 2-1: Ball 3-1: Reached via error on a dropped throw from SS, E4 (Groundball, 6, EV 99.4 MPH) Thomas Vessey scores Gary Jones to second
|
|
Batting: LHB Ronald Little
|
0-0: Foul Ball, location: 2F 0-1: Foul Ball, location: 2F 0-2: Ball 1-2: Ground out 3-1 (Groundball, 34, EV 81.9 MPH)
|
| Bottom of the 7th over - 2 runs, 3 hits, 1 error, 2 left on base; Oklahoma City 4 - Iowa 3 |
| TOP OF THE 8TH |
|
Oklahoma City 89ers batting - Pitching for Iowa Oaks : RHP Dwight Gooden
|
|
Batting: LHB John Harris
|
0-0: Ball 1-0: Fly out, F4 (Popup, 4, EV 75.0 MPH)
|
|
Batting: RHB Cecil Fielder
|
0-0: Called Strike 0-1: Ball 1-1: Called Strike 1-2: Strikes out looking
|
|
Batting: RHB Nick Esasky
|
0-0: Foul Ball, location: 2F 0-1: Swinging Strike 0-2: Strikes out swinging
|
| Top of the 8th over - 0 runs, 0 hits, 0 errors, 0 left on base; Oklahoma City 4 - Iowa 3 |
| BOTTOM OF THE 8TH |
|
Iowa Oaks batting - Pitching for Oklahoma City 89ers : RHP Chris Whitt
|
|
Now in CF: Ron Tingley
|
|
|
Batting: SHB Mike Turgeon
|
0-0: Called Strike 0-1: Fly out, F6 (Popup, 56, EV 73.1 MPH)
|
|
Batting: RHB Edgar Flores
|
0-0: Called Strike 0-1: Ball 1-1: Called Strike 1-2: Ball 2-2: Foul Ball, location: 2F 2-2: Ground out 4-3 (Groundball, 34, EV 93.1 MPH)
|
|
Batting: RHB Jordan Arredondo
|
0-0: Foul Ball, location: 2F 0-1: Ground out 5-3 (Groundball, 56, EV 81.3 MPH)
|
| Bottom of the 8th over - 0 runs, 0 hits, 0 errors, 0 left on base; Oklahoma City 4 - Iowa 3 |
| TOP OF THE 9TH |
|
Oklahoma City 89ers batting - Pitching for Iowa Oaks : RHP Dwight Gooden
|
|
Batting: LHB Jorge Oquendo
|
0-0: Called Strike 0-1: Foul Ball, location: 2F 0-2: Ball 1-2: Strikes out swinging
|
|
Batting: RHB Joe Redfield
|
0-0: Called Strike 0-1: Foul Ball, location: 2F 0-2: Ball 1-2: Strikes out looking
|
|
Batting: RHB Robert Bailey
|
0-0: Swinging Strike 0-1: Ground out 5-3 (Groundball, 56D, EV 109.4 MPH)
|
| Top of the 9th over - 0 runs, 0 hits, 0 errors, 0 left on base; Oklahoma City 4 - Iowa 3 |
| BOTTOM OF THE 9TH |
|
Iowa Oaks batting - Pitching for Oklahoma City 89ers : RHP Chris Whitt
|
|
Pitching: RHP Bob Forsch
|
|
|
Batting: LHB Bob Hamilton
|
0-0: Ball 1-0: Swinging Strike 1-1: Ground out 5-3 (Groundball, 56, EV 83.1 MPH)
|
|
Pinch Hitting: LHB Donald Johnson
|
0-0: SINGLE (Flyball, 89S, EV 94.4 MPH)
|
|
Pinch Hitting: RHB Mark Benson
|
0-0: Fielders Choice at 2nd, 4-6 (Groundball, 34, EV 108.8 MPH)
|
|
Batting: LHB Gary Jones
|
0-0: Called Strike 0-1: Ball 1-1: SINGLE (Groundball, 15S, EV 73.1 MPH) (infield hit) Mark Benson to second
|
|
Batting: SHB Rod Craig
|
0-0: SINGLE (Groundball, 34D, EV 108.8 MPH) Mark Benson to third Gary Jones to second Runner from 3rd tries for Home, SAFE, throw by RF to home
|
|
Batting: LHB Ronald Little
|
0-0: Foul Ball, location: 2F 0-1: Ball 1-1: Ball 2-1: Foul Ball, location: 2F 2-2: Foul Ball, location: 2F 2-2: Ball 3-2: Foul Ball, location: 2F 3-2: SINGLE (Line Drive, 8RS, EV 101.3 MPH) Gary Jones to third Rod Craig to second Gary Jones scores
|
| Bottom of the 9th over - 2 runs, 4 hits, 0 errors, 0 left on base; Oklahoma City 4 - Iowa 5 |
|